| TOP OF THE 1ST |
|
Harrisburg Senators batting - Pitching for Jacksonville Suns : RHP Nick Newmaster
|
|
Pitching: RHP Nick Newmaster
|
|
|
Batting: RHB Kevin Wick
|
0-0: Called Strike 0-1: Ball 1-1: Called Strike 1-2: Ball 2-2: Ball 3-2: Base on Balls
|
|
Batting: RHB John McNeill
|
0-0: Called Strike 0-1: Fielders Choice at 2nd, 4-6 (Groundball, 4M, EV 82.5 MPH)
|
|
Batting: LHB Sidney Pedder
|
0-0: Called Strike John McNeill steals 2nd base 0-1: Ball 1-1: Ball 2-1: Foul Ball, location: 2F 2-2: Foul Ball, location: 2F 2-2: Ball 3-2: Base on Balls
|
|
Batting: RHB Donovan Auclair
|
0-0: Ball 1-0: Ball 2-0: Swinging Strike 2-1: SINGLE (Line Drive, 9S, EV 88.8 MPH) John McNeill to third Sidney Pedder to second Runner from 3rd tries for Home, throw by RF and OUT! 9-2
|
|
Batting: RHB Deshawn Boseman
|
0-0: Swinging Strike 0-1: Called Strike 0-2: Ball 1-2: Ball 2-2: Foul Ball, location: 2F 2-2: Strikes out swinging
|
| Top of the 1st over - 0 runs, 1 hit, 0 errors, 2 left on base; Harrisburg 0 - Jacksonville 0 |
| BOTTOM OF THE 1ST |
|
Jacksonville Suns batting - Pitching for Harrisburg Senators : LHP Mike Tracy
|
|
Pitching: LHP Mike Tracy
|
|
|
Batting: RHB Rick Fell
|
0-0: Ball 1-0: Ball 2-0: Ball 3-0: Called Strike 3-1: Called Strike 3-2: Strikes out swinging
|
|
Batting: RHB Mike Gar
|
0-0: SINGLE (Line Drive, 89M, EV 96.9 MPH)
|
|
Batting: RHB Akira Suzuki
|
0-0: Ball 1-0: Ball 2-0: Ball 3-0: Grounds into double play, 4-6-3 (Groundball, 4, EV 93.1 MPH)
|
| Bottom of the 1st over - 0 runs, 1 hit, 0 errors, 0 left on base; Harrisburg 0 - Jacksonville 0 |
| TOP OF THE 2ND |
|
Harrisburg Senators batting - Pitching for Jacksonville Suns : RHP Nick Newmaster
|
|
Batting: LHB Ben Montgomery
|
0-0: Ball 1-0: Ground out 4-3 (Groundball, 34, EV 108.1 MPH)
|
|
Batting: RHB Rene Montoya
|
0-0: Called Strike 0-1: Foul Ball, location: 2F 0-2: Strikes out swinging
|
|
Batting: RHB Marcus Dawson
|
0-0: Foul Ball, location: 2F 0-1: Swinging Strike 0-2: Ball 1-2: Foul Ball, location: 2F 1-2: Ball 2-2: Strikes out swinging
|
| Top of the 2nd over - 0 runs, 0 hits, 0 errors, 0 left on base; Harrisburg 0 - Jacksonville 0 |
| BOTTOM OF THE 2ND |
|
Jacksonville Suns batting - Pitching for Harrisburg Senators : LHP Mike Tracy
|
|
Batting: RHB German Mendoza
|
0-0: Called Strike 0-1: Ball 1-1: Ground out 5-3 (Groundball, 56S, EV 63.1 MPH)
|
|
Batting: RHB Wilson Valdez
|
0-0: Ball 1-0: Ground out 5-3 (Groundball, 5L, EV 76.3 MPH)
|
|
Batting: LHB Jose Cabello
|
0-0: Ball 1-0: Ground out 6-3 (Groundball, 6, EV 83.1 MPH)
|
| Bottom of the 2nd over - 0 runs, 0 hits, 0 errors, 0 left on base; Harrisburg 0 - Jacksonville 0 |
| TOP OF THE 3RD |
|
Harrisburg Senators batting - Pitching for Jacksonville Suns : RHP Nick Newmaster
|
|
Batting: RHB Haykuhi Kagramanian
|
0-0: Ball 1-0: Ball 2-0: Foul Ball, location: 2F 2-1: Ball 3-1: Base on Balls
|
|
Batting: RHB Kevin Wick
|
0-0: Called Strike 0-1: SINGLE (Groundball, 56S, EV 73.1 MPH) (infield hit) Haykuhi Kagramanian to second
|
|
Batting: RHB John McNeill
|
0-0: Ball 1-0: Swinging Strike 1-1: Called Strike 1-2: Foul Ball, location: 2F 1-2: Ball 2-2: Ball 3-2: Foul Ball, location: 2F 3-2: TRIPLE (Flyball, 89XD, EV 110.0 MPH) Haykuhi Kagramanian scores Kevin Wick scores
|
|
Batting: LHB Sidney Pedder
|
0-0: Ball 1-0: Called Strike 1-1: Ball 2-1: Foul Ball, location: 2F 2-2: Foul Ball, location: 2F 2-2: Ground out 1-3 (Groundball, 13, EV 73.1 MPH)
|
|
Batting: RHB Donovan Auclair
|
0-0: Called Strike 0-1: 2-RUN HOME RUN (Flyball, 8RXD, EV 110.6 MPH), Distance : 455 ft
|
|
Batting: RHB Deshawn Boseman
|
0-0: Called Strike 0-1: Ball 1-1: Called Strike 1-2: Foul Ball, location: 2F 1-2: Ball 2-2: Ball 3-2: Foul Ball, location: 2F 3-2: Base on Balls
|
|
Batting: LHB Ben Montgomery
|
0-0: Foul Ball, location: 2F 0-1: Ball 1-1: Ground out 4-3 (Groundball, 34, EV 104.4 MPH) Deshawn Boseman to second
|
|
Batting: RHB Rene Montoya
|
0-0: Called Strike 0-1: Ball 1-1: Fly out, F8 (Line Drive, 8LM, EV 91.9 MPH)
|
| Top of the 3rd over - 4 runs, 3 hits, 0 errors, 1 left on base; Harrisburg 4 - Jacksonville 0 |
| BOTTOM OF THE 3RD |
|
Jacksonville Suns batting - Pitching for Harrisburg Senators : LHP Mike Tracy
|
|
Batting: RHB Marco Sianez
|
0-0: Ground out 4-3 (Groundball, 4, EV 84.4 MPH)
|
|
Batting: LHB Jimmy Hannon
|
0-0: Called Strike 0-1: Swinging Strike 0-2: Strikes out swinging
|
|
Batting: SHB Yoo-chul Jung
|
0-0: Called Strike 0-1: Ball 1-1: Ball 2-1: Ball 3-1: Ground out U3 (Groundball, 34, EV 83.8 MPH)
|
| Bottom of the 3rd over - 0 runs, 0 hits, 0 errors, 0 left on base; Harrisburg 4 - Jacksonville 0 |
| TOP OF THE 4TH |
|
Harrisburg Senators batting - Pitching for Jacksonville Suns : RHP Nick Newmaster
|
|
Batting: RHB Marcus Dawson
|
0-0: Called Strike 0-1: Fly out, F9 (Line Drive, 9, EV 99.4 MPH)
|
|
Batting: RHB Haykuhi Kagramanian
|
0-0: Ball 1-0: Called Strike 1-1: DOUBLE (Flyball, 89D, EV 105.0 MPH)
|
|
Batting: RHB Kevin Wick
|
0-0: Swinging Strike 0-1: Ball 1-1: Ball 2-1: Foul Ball, location: 2F 2-2: Strikes out swinging
|
|
Batting: RHB John McNeill
|
0-0: Called Strike 0-1: Called Strike 0-2: Ball 1-2: Ball 2-2: Foul Ball, location: 2F 2-2: Ball 3-2: Strikes out looking
|
| Top of the 4th over - 0 runs, 1 hit, 0 errors, 1 left on base; Harrisburg 4 - Jacksonville 0 |
| BOTTOM OF THE 4TH |
|
Jacksonville Suns batting - Pitching for Harrisburg Senators : LHP Mike Tracy
|
|
Batting: RHB Rick Fell
|
0-0: Foul Ball, location: 2F 0-1: Ball 1-1: Swinging Strike 1-2: Ball 2-2: Foul Ball, location: 2F 2-2: SOLO HOME RUN (Flyball, 7D, EV 94.4 MPH), Distance : 370 ft
|
|
Batting: RHB Mike Gar
|
0-0: Foul Ball, location: 2F 0-1: Called Strike 0-2: Ball 1-2: Foul Ball, location: 2F 1-2: Foul Ball, location: 2F 1-2: Strikes out swinging
|
|
Batting: RHB Akira Suzuki
|
0-0: Called Strike 0-1: Ball 1-1: Ground out 4-3 (Groundball, 4S, EV 85.6 MPH)
|
|
Batting: RHB German Mendoza
|
0-0: Ball 1-0: Swinging Strike 1-1: Ball 2-1: Called Strike 2-2: Strikes out swinging
|
| Bottom of the 4th over - 1 run, 1 hit, 0 errors, 0 left on base; Harrisburg 4 - Jacksonville 1 |
| TOP OF THE 5TH |
|
Harrisburg Senators batting - Pitching for Jacksonville Suns : RHP Nick Newmaster
|
|
Pitching: RHP Pedro Taveras
|
|
|
Batting: LHB Sidney Pedder
|
0-0: Called Strike 0-1: Foul Ball, location: 2F 0-2: Strikes out swinging
|
|
Batting: RHB Donovan Auclair
|
0-0: Ball 1-0: Ball 2-0: Ball 3-0: Called Strike 3-1: Foul Ball, location: 2F 3-2: DOUBLE (Line Drive, 9LM, EV 103.8 MPH)
|
|
Batting: RHB Deshawn Boseman
|
0-0: Intentional Walk
|
|
Batting: LHB Ben Montgomery
|
0-0: Fielders Choice at 2nd, 1-6 (Groundball, P, EV 62.5 MPH) Donovan Auclair to third
|
|
Batting: RHB Rene Montoya
|
0-0: Ball 1-0: Ball 2-0: DOUBLE (Line Drive, 89D, EV 100.0 MPH) Donovan Auclair scores Ben Montgomery to third Runner from 3rd tries for Home, SAFE, throw by CF to home
|
|
Batting: RHB Marcus Dawson
|
0-0: Ball 1-0: Foul Ball, location: 2F 1-1: Fly out, F7 (Flyball, 7, EV 91.3 MPH)
|
| Top of the 5th over - 2 runs, 2 hits, 0 errors, 1 left on base; Harrisburg 6 - Jacksonville 1 |
| BOTTOM OF THE 5TH |
|
Jacksonville Suns batting - Pitching for Harrisburg Senators : LHP Mike Tracy
|
|
Batting: RHB Wilson Valdez
|
0-0: Called Strike 0-1: Ball 1-1: Swinging Strike 1-2: Foul Ball, location: 2F 1-2: Fly out, F3 (Popup, 23F, EV 92.5 MPH)
|
|
Batting: LHB Jose Cabello
|
0-0: Fly out, F8 (Flyball, 8LM, EV 73.8 MPH)
|
|
Batting: RHB Marco Sianez
|
0-0: Called Strike 0-1: Fly out, F6 (Popup, 6MS, EV 74.4 MPH)
|
| Bottom of the 5th over - 0 runs, 0 hits, 0 errors, 0 left on base; Harrisburg 6 - Jacksonville 1 |
| TOP OF THE 6TH |
|
Harrisburg Senators batting - Pitching for Jacksonville Suns : RHP Pedro Taveras
|
|
Batting: RHB Haykuhi Kagramanian
|
0-0: Ball 1-0: Ball 2-0: Called Strike 2-1: Ball 3-1: Foul Ball, location: 2F 3-2: Ground out 5-3 (Groundball, 56, EV 85.6 MPH)
|
|
Batting: RHB Kevin Wick
|
0-0: Ball 1-0: Foul Ball, location: 2F 1-1: Called Strike 1-2: Foul Ball, location: 2F 1-2: Strikes out swinging
|
|
Batting: RHB John McNeill
|
0-0: Swinging Strike 0-1: Ball 1-1: Foul Ball, location: 2F 1-2: Foul Ball, location: 2F 1-2: Foul Ball, location: 2F 1-2: Fly out, F4 (Flyball, 4D, EV 90.6 MPH)
|
| Top of the 6th over - 0 runs, 0 hits, 0 errors, 0 left on base; Harrisburg 6 - Jacksonville 1 |
| BOTTOM OF THE 6TH |
|
Jacksonville Suns batting - Pitching for Harrisburg Senators : LHP Mike Tracy
|
|
Batting: LHB Jimmy Hannon
|
0-0: Swinging Strike 0-1: Called Strike 0-2: Strikes out swinging
|
|
Batting: SHB Yoo-chul Jung
|
0-0: Ground out 6-3 (Groundball, 6M, EV 87.5 MPH)
|
|
Batting: RHB Rick Fell
|
0-0: Ball 1-0: SINGLE (Groundball, 6MD, EV 108.1 MPH)
|
|
Batting: RHB Mike Gar
|
0-0: Foul Ball, location: 2F 0-1: SINGLE (Groundball, 6M, EV 100.6 MPH) (infield hit) Rick Fell to second
|
|
Batting: RHB Akira Suzuki
|
0-0: Swinging Strike 0-1: Ball 1-1: SINGLE (Groundball, 6MD, EV 107.5 MPH) Rick Fell to third Mike Gar to second Runner from 3rd tries for Home, SAFE, throw by CF to home Mike Gar to third Akira Suzuki to second
|
|
Batting: RHB German Mendoza
|
0-0: Ball 1-0: Ball 2-0: Called Strike 2-1: Ball 3-1: Foul Ball, location: 2F 3-2: Foul Ball, location: 2F 3-2: Foul Ball, location: 2F 3-2: Foul Ball, location: 2F 3-2: Foul Ball, location: 2F 3-2: Base on Balls
|
|
Batting: RHB Wilson Valdez
|
0-0: Ground out 2-3 (Groundball, 13S, EV 70.0 MPH)
|
| Bottom of the 6th over - 1 run, 3 hits, 0 errors, 3 left on base; Harrisburg 6 - Jacksonville 2 |
| TOP OF THE 7TH |
|
Harrisburg Senators batting - Pitching for Jacksonville Suns : RHP Pedro Taveras
|
|
Pitching: RHP Tim Sherrill
|
|
|
Batting: LHB Sidney Pedder
|
0-0: Called Strike 0-1: Ball 1-1: Ball 2-1: Foul Ball, location: 2F 2-2: Foul Ball, location: 2F 2-2: DOUBLE (Flyball, 8RD, EV 103.1 MPH)
|
|
Batting: RHB Donovan Auclair
|
0-0: Called Strike 0-1: Ball 1-1: Called Strike 1-2: Ball 2-2: Strikes out swinging
|
|
Batting: RHB Deshawn Boseman
|
0-0: Intentional Walk
|
|
Batting: LHB Ben Montgomery
|
0-0: Ball 1-0: Called Strike 1-1: Ball 2-1: Called Strike Sidney Pedder steals 3rd base 2-2: SINGLE (Groundball, 56, EV 95.0 MPH) Sidney Pedder scores Deshawn Boseman to second
|
|
Batting: RHB Rene Montoya
|
0-0: Called Strike 0-1: Ball 1-1: Ball 2-1: Foul Ball, location: 2F 2-2: Strikes out looking
|
|
Batting: RHB Marcus Dawson
|
0-0: Called Strike 0-1: Swinging Strike 0-2: Strikes out looking
|
| Top of the 7th over - 1 run, 2 hits, 0 errors, 2 left on base; Harrisburg 7 - Jacksonville 2 |
| BOTTOM OF THE 7TH |
|
Jacksonville Suns batting - Pitching for Harrisburg Senators : LHP Mike Tracy
|
|
Batting: LHB Jose Cabello
|
0-0: Ball 1-0: Ball 2-0: Ball 3-0: Called Strike 3-1: Base on Balls
|
|
Batting: RHB Marco Sianez
|
0-0: Foul Ball, location: 2F 0-1: Ball 1-1: SINGLE (Groundball, 4D, EV 100.0 MPH) Jose Cabello to second Runner from 2nd tries for 3rd, SAFE, throw by CF made to third
|
|
Batting: LHB Jimmy Hannon
|
0-0: Swinging Strike 0-1: Grounds into double play, U6-3 (Groundball, 4MD, EV 85.6 MPH) Jose Cabello scores
|
|
Batting: SHB Yoo-chul Jung
|
0-0: Called Strike 0-1: Swinging Strike 0-2: Ball 1-2: Ball 2-2: Ball 3-2: Foul Ball, location: 2F 3-2: Strikes out swinging
|
| Bottom of the 7th over - 1 run, 1 hit, 0 errors, 0 left on base; Harrisburg 7 - Jacksonville 3 |
| TOP OF THE 8TH |
|
Harrisburg Senators batting - Pitching for Jacksonville Suns : RHP Tim Sherrill
|
|
Batting: RHB Haykuhi Kagramanian
|
0-0: SINGLE (Groundball, 56, EV 103.8 MPH) (infield hit)
|
|
Batting: RHB Kevin Wick
|
0-0: Foul Ball, location: 2F 0-1: SINGLE (Groundball, 6MD, EV 98.8 MPH) Haykuhi Kagramanian to second Runner from 2nd tries for 3rd, SAFE, throw by CF made to third
|
|
Batting: RHB John McNeill
|
0-0: Called Strike 0-1: Swinging Strike 0-2: Ball 1-2: Fielders Choice at 2nd, 5-4 (Groundball, 56S, EV 89.4 MPH) Haykuhi Kagramanian scores
|
|
Batting: LHB Sidney Pedder
|
0-0: Ball 1-0: Ball 2-0: Called Strike John McNeill steals 2nd base 2-1: Foul Ball, location: 2F 2-2: Ball 3-2: Ground out 1-3 (Groundball, 34S, EV 68.1 MPH) John McNeill to third
|
|
Batting: RHB Donovan Auclair
|
0-0: Ball 1-0: Ball 2-0: Ball 3-0: Fly out, F7 (Flyball, 7LS, EV 77.5 MPH)
|
| Top of the 8th over - 1 run, 2 hits, 0 errors, 1 left on base; Harrisburg 8 - Jacksonville 3 |
| BOTTOM OF THE 8TH |
|
Jacksonville Suns batting - Pitching for Harrisburg Senators : LHP Mike Tracy
|
|
Pitching: RHP Ramon Rodriguez
|
|
|
Batting: RHB Rick Fell
|
0-0: Called Strike 0-1: Called Strike 0-2: Ball 1-2: Ball 2-2: DOUBLE (Groundball, 5L, EV 103.1 MPH)
|
|
Batting: RHB Mike Gar
|
0-0: Foul Ball, location: 2F 0-1: Foul Ball, location: 2F 0-2: Ball 1-2: Strikes out swinging
|
|
Batting: RHB Akira Suzuki
|
0-0: Ball 1-0: Foul Ball, location: 2F 1-1: Ball 2-1: Ball 3-1: Foul Ball, location: 2F 3-2: Ground out 6-3 (Groundball, 6, EV 100.6 MPH)
|
|
Batting: RHB German Mendoza
|
0-0: Ball 1-0: Called Strike 1-1: Swinging Strike 1-2: Ball 2-2: Fly out, F8 (Flyball, 8RXD, EV 83.8 MPH)
|
| Bottom of the 8th over - 0 runs, 1 hit, 0 errors, 1 left on base; Harrisburg 8 - Jacksonville 3 |
| TOP OF THE 9TH |
|
Harrisburg Senators batting - Pitching for Jacksonville Suns : RHP Tim Sherrill
|
|
Batting: RHB Deshawn Boseman
|
0-0: Called Strike 0-1: Ball 1-1: Foul Ball, location: 2F 1-2: Ball 2-2: Foul Ball, location: 2F 2-2: Ball 3-2: Foul Ball, location: 2F 3-2: Foul Ball, location: 2F 3-2: SINGLE (Groundball, 56D, EV 102.5 MPH)
|
|
Pitching: LHP Jerry Woods
|
|
|
Batting: LHB Ben Montgomery
|
0-0: Called Strike 0-1: Ball 1-1: Ball 2-1: Ball 3-1: Foul Ball, location: 2F 3-2: Strikes out looking
|
|
Batting: RHB Rene Montoya
|
0-0: Ball 1-0: Called Strike 1-1: Called Strike 1-2: Strikes out swinging
|
|
Batting: RHB Marcus Dawson
|
0-0: Foul Ball, location: 2F 0-1: Called Strike 0-2: Ball 1-2: Strikes out looking
|
| Top of the 9th over - 0 runs, 1 hit, 0 errors, 1 left on base; Harrisburg 8 - Jacksonville 3 |
| BOTTOM OF THE 9TH |
|
Jacksonville Suns batting - Pitching for Harrisburg Senators : RHP Ramon Rodriguez
|
|
Batting: RHB Wilson Valdez
|
0-0: Called Strike 0-1: Ground out 6-3 (Groundball, 56, EV 106.3 MPH)
|
|
Batting: LHB Jose Cabello
|
0-0: Ball 1-0: Called Strike 1-1: Fly out, F6 (Popup, 6M, EV 55.0 MPH)
|
|
Batting: RHB Marco Sianez
|
0-0: Ball 1-0: Foul Ball, location: 2F 1-1: Swinging Strike 1-2: Foul Ball, location: 2F 1-2: Ball 2-2: TRIPLE (Line Drive, 78XD, EV 107.5 MPH)
|
|
Batting: LHB Jimmy Hannon
|
0-0: Foul Ball, location: 2F 0-1: Ball 1-1: Fly out, F8 (Flyball, 8LS, EV 90.0 MPH)
|
| Bottom of the 9th over - 0 runs, 1 hit, 0 errors, 1 left on base; Harrisburg 8 - Jacksonville 3 |
|